 Dungeon Crawl Stone Soup version 0.31-a0-188-g5e087ee2ca (webtiles) character file.

Game seed: 18221169084500765245

953 qw the Skirmisher (level 7, -4/40 HPs)
             Began as a Deep Elf Hunter on June 23, 2023.
             Shot with an arrow by a centaur (6 damage)
             ... on level 5 of the Dungeon.
             The game lasted 00:02:00 (4215 turns).

qw the Skirmisher (Deep Elf Hunter)                 Turns: 4215, Time: 00:02:01

Health: -4/40      AC: 12    Str: 10    XL:     7   Next: 90%
Magic:  9/9        EV: 11    Int: 14    God:
Gold:   217        SH:  0    Dex: 18    Spells: 6/6 levels left

rFire   . . .        Y - +0 shortbow
rCold   . . .        (shield currently unavailable)
rNeg    . . .        k - +0 ring mail
rPois   .            j - +0 helmet
rElec   .            (no cloak)
rCorr   .            o - +0 pair of gloves
SInv    .            f - +0 pair of boots
Will    .....        g - amulet of faith
Stlth   +            n - +4 ring of protection
HPRegen 0.26/turn    (no ring)
MPRegen 0.11/turn

%: faith
@: no status effects
A: no striking features
a: no special abilities


You were on level 5 of the Dungeon.
You visited 2 branches of the dungeon, and saw 6 of its levels.
You also visited: Sewer.

You collected 217 gold pieces.


   Skills:
 + Level 2.7 Fighting
 - Level 12.0 Ranged Weapons
 - Level 1.0 Armour
 - Level 3.0 Dodging
 - Level 1.2 Stealth


You had 6 spell levels left.
You didn't know any spells.
Your spell library was empty.

Inventory:

Hand Weapons
 Y - a +0 shortbow (weapon)
Armour
 f - a +0 pair of boots (worn)
 j - a +0 helmet (worn)
 k - a +0 ring mail (worn)
 o - a +0 pair of gloves (worn)
Jewellery
 g - an amulet of faith (around neck)
 i - the amulet "Fuisaexo" {Acrobat rN+++ Will- Regen+ Dex+3}
   (You found it on level 3 of the Dungeon)

   [amulet of the acrobat]

   It increases your evasion while moving and waiting.
   Dex:       It affects your dexterity (+3).
   rN:        It renders you almost immune to negative energy.
   Regen:     It increases your rate of health regeneration.
   Will:      It decreases your willpower.
 n - a +4 ring of protection (left hand)
Scrolls
 b - a scroll of identify
Potions
 a - a potion of mutation
 c - a potion of haste
 d - a potion of enlightenment
 h - a potion of curing
 l - a potion of brilliance {unknown}
 m - a potion of invisibility {unknown}
 q - a potion of lignification {unknown}

Dungeon Overview and Level Annotations

Branches:
Dungeon (5/15)             Temple (1/1) D:5           Sewer (visited)

Altars:
Ashenzari
Cheibriados
Dithmenos
Elyvilon
Fedhas
Gozag
Hepliaklqana
Kikubaaqudgha
Makhleb
Nemelex Xobeh
Qazlal
Ru
Sif Muna
Trog
Uskayaw
Vehumet
Wu Jian
Zin
The Shining One

Shops:
D:5 *


Message History

Found four altars.
Done exploring.
4197 ||| PLANNING D:1-11 Done exploring.
(D) Dungeon (T) Temple
Where to? (* - list waypoints, Enter - Temple, ? - help)
What level of the Dungeon? (default 5, ? - help)
There is a staircase back to the Dungeon here.
You climb upwards.
Welcome back to the Dungeon!
There is a staircase to the Ecumenical Temple here.
A centaur comes into view.
You shoot an arrow. The arrow hits the centaur.
The centaur shouts!
The centaur is lightly wounded.
The centaur wields a +0 orcbow.
The centaur shoots an arrow.
The arrow misses you.
The centaur shoots an arrow.
The arrow hits you.
You shoot an arrow. The arrow barely misses the centaur.
The centaur shoots an arrow.
The arrow hits you but does no damage.
You shoot an arrow. The arrow barely misses the centaur.
The centaur shoots an arrow.
The arrow hits you!
You shoot an arrow.
The arrow hits the centaur but does no damage.
The centaur shoots an arrow.
The arrow hits you.
The centaur shoots an arrow.
The arrow closely misses you.
You shoot an arrow. The arrow hits the centaur!
The centaur is heavily wounded.
The centaur shoots an arrow.
The arrow hits you.
You shoot an arrow. The arrow hits the centaur.
The centaur is heavily wounded.
The centaur shoots an arrow.
The arrow barely misses you.
The centaur shoots an arrow.
The arrow hits you!
You shoot an arrow. The arrow hits the centaur.
The centaur is severely wounded.
The centaur shoots an arrow.
The arrow hits you!
You shoot an arrow. The arrow hits the centaur.
The centaur is almost dead.
You shoot an arrow. The arrow hits the centaur.
The centaur is almost dead.
The centaur shoots an arrow.
The arrow hits you.
You die...

#.. #.# ##
#########.# #.
#.....##..# #.
##.8.#....######.
#.....###........
##8.>%8#
#........
#####......#
#........
#....@#.8.##
#........
#.........#
#........
#.........##
#........
#.........#
#........
...........#
#.......[
.##........#
#........
#......c.#
#...[..\.
#........#
#########


You could see a centaur.

Vanquished Creatures
  Grinder (D:3)
  An ogre (D:4)
  A phantom (D:5)
  A hound (D:4)
  3 jellies
  2 orc priests (D:4)
  A sleepcap (D:3)
  2 iguanas (D:5)
  An orc wizard (D:4)
  6 adders
  11 gnolls
  A river rat (Sewer)
  2 worms (D:3)
  3 dart slugs
  19 orcs
  5 bats
  18 endoplasms
  3 giant cockroaches
  10 goblins
  8 hobgoblins
  3 jackals (D:2)
  9 kobolds
  4 quokkas
  11 ball pythons
  7 frilled lizards
  8 rats
  A spectral hobgoblin (D:1)
142 creatures vanquished.

Notes
Turn   | Place    | Note
-------+----------+-------------------------------------------
     0 | D:1      | qw the Deep Elf Hunter began the quest for the Orb.
     0 | D:1      | Reached XP level 1. HP: 12/12 MP: 3/3
     0 | D:1      | 0 ||| qw: Version: 0.3-a-9-g12657ce
     0 | D:1      | 0 ||| qw: Game counter: 4290
     0 | D:1      | 0 ||| qw: Always use a shield: true
     0 | D:1      | 0 ||| qw: God list: Okawaru
     0 | D:1      | 0 ||| qw: Allow faded altars: false
     0 | D:1      | 0 ||| qw: Do Orc after D:15 true
     0 | D:1      | 0 ||| qw: Do second Lair branch before Depths: true
     0 | D:1      | 0 ||| qw: Lair rune preference: random
     0 | D:1      | 0 ||| qw: Plans: Normal
     0 | D:1      | 0 ||| PLANNING D:1-11
   154 | D:1      | Reached XP level 2. HP: 16/16 MP: 4/4
   218 | D:1      | Found a faded altar of an unknown god.
   219 | D:1      | 219 ||| Stepping ~*~*~tactically~*~*~ (water).
   222 | D:1      | Reached skill level 6 in Ranged Weapons
   489 | D:1      | 489 ||| UPGRADING to +0 pair of boots.
   494 | D:1      | 494 ||| UPGRADING to +0 helmet.
   499 | D:1      | 499 ||| UPGRADING to amulet of faith.
   504 | D:1      | 504 ||| READING scroll labelled FUUNE ANGOGI.
   505 | D:1      | 505 ||| READING scroll labelled KOISEDD QUMO.
   506 | D:1      | 506 ||| READING scroll labelled CEWNEO DUYTUU.
   509 | D:1      | 509 ||| READING scroll labelled DIUZOTR QEKUP.
   510 | D:1      | 510 ||| DROPPING scroll of butterflies.
   635 | D:2      | Reached XP level 3. HP: 8/20 MP: 5/5
   920 | D:2      | Identified the +2 leather armour of the Desert {Int+4}
   935 | D:2      | Reached skill level 7 in Ranged Weapons
  1036 | D:2      | Reached XP level 4. HP: 10/25 MP: 6/6
  1272 | D:2      | 1272 ||| UPGRADING to +2 leather armour of the Desert
                  | {Int+4}.
  1282 | D:2      | 1282 ||| DROPPING +0 leather armour.
  1283 | D:2      | 1283 ||| DROPPING amulet of magic regeneration.
  1284 | D:2      | 1284 ||| READING scroll labelled RIGIOPT RONISM.
  1285 | D:2      | 1285 ||| DRINKING 2 cyan potions.
  1292 | D:3      | 1292 ||| PLANNING SEWER
  1519 | D:3      | Identified the amulet "Fuisaexo" {Acrobat rN+++ Will-
                  | Regen+ Dex+3}
  1570 | D:3      | Reached skill level 8 in Ranged Weapons
  1795 | D:3      | Reached XP level 5. HP: 29/29 MP: 7/7
  1797 | D:3      | Found a glowing drain.
  1800 | D:3      | 1800 ||| UPGRADING to +0 scale mail.
  1816 | D:3      | 1816 ||| DROPPING +2 leather armour of the Desert {Int+4}.
  1817 | D:3      | 1817 ||| READING scroll labelled EHOF JIGADGHIKK.
  1821 | Sewer    | Entered a sewer
  1848 | Sewer    | 1848 ||| Stepping ~*~*~tactically~*~*~ (water).
  1921 | Sewer    | Reached skill level 1 in Armour
  1922 | Sewer    | 1922 ||| Stepping ~*~*~tactically~*~*~ (water).
  1940 | Sewer    | 1940 ||| FLEEEEING.
  2071 | Sewer    | Reached skill level 9 in Ranged Weapons
  2100 | Sewer    | Found a shimmering altar of Xom.
  2149 | Sewer    | 2149 ||| READING scroll labelled QOXOGO TURCHABO.
  2150 | Sewer    | 2150 ||| READING scroll labelled NALLIA ORODELI.
  2151 | Sewer    | 2151 ||| READING 2 scrolls of identify.
  2151 | Sewer    | 2151 ||| IDENTIFYING pink potion
  2172 | D:3      | 2172 ||| PLANNING D:1-11
  2268 | D:3      | Noticed Grinder
  2270 | D:3      | Paralysed by Grinder for 5 turns
  2285 | D:3      | Paralysed by Grinder for 2 turns
  2287 | D:3      | Killed Grinder
  2288 | D:3      | Reached skill level 10 in Ranged Weapons
  2288 | D:3      | Reached XP level 6. HP: 27/35 MP: 8/8
  2347 | D:3      | Found a snail-covered altar of Cheibriados.
  2347 | D:3      | Found a radiant altar of Vehumet.
  2348 | D:3      | Found a sparkling altar of Nemelex Xobeh.
  2351 | D:3      | Found a burning altar of Makhleb.
  2440 | D:3      | HP: 8/35 [orc/+0 heavy mace (8)]
  2441 | D:3      | 2441 ||| READING 2 scrolls of teleportation.
  2624 | D:3      | 2624 ||| UPGRADING to +0 ring mail.
  2634 | D:3      | 2634 ||| DROPPING +0 scale mail.
  2635 | D:3      | 2635 ||| UPGRADING to +4 ring of protection.
  2636 | D:3      | 2636 ||| READING scroll labelled NEORANNEITS.
  2693 | D:4      | 2693 ||| Stepping ~*~*~tactically~*~*~ (outnumbered).
  2697 | D:4      | 2697 ||| Stepping ~*~*~tactically~*~*~ (outnumbered).
  2700 | D:4      | 2700 ||| STAIRDANCE
  2729 | D:4      | 2729 ||| STAIRDANCE
  2749 | D:4      | 2749 ||| STAIRDANCE
  2786 | D:4      | Reached skill level 3 in Dodging
  2848 | D:4      | 2848 ||| Stepping ~*~*~tactically~*~*~ (outnumbered).
  2850 | D:4      | 2850 ||| Stepping ~*~*~tactically~*~*~ (outnumbered).
  2852 | D:4      | 2852 ||| Stepping ~*~*~tactically~*~*~ (outnumbered).
  2857 | D:4      | Reached XP level 7. HP: 40/40 MP: 9/9
  3301 | D:4      | 3301 ||| UPGRADING to +0 pair of gloves.
  3364 | D:4      | Reached skill level 11 in Ranged Weapons
  3418 | D:4      | 3418 ||| Stepping ~*~*~tactically~*~*~ (outnumbered).
  3437 | D:4      | HP: 6/40 [orc priest/divine providence (10)]
  3438 | D:4      | 3438 ||| READING 2 scrolls of teleportation.
  3678 | D:4      | HP: 7/40 [orc priest/nerve-wracking pain (14)]
  3679 | D:4      | 3679 ||| READING scroll of teleportation.
  4013 | D:4      | 4013 ||| READING scroll labelled OKKOMA RI ITY.
  4014 | D:4      | 4014 ||| READING 3 scrolls of identify.
  4014 | D:4      | 4014 ||| IDENTIFYING bubbling orange potion
  4015 | D:4      | 4015 ||| READING 2 scrolls of identify.
  4015 | D:4      | 4015 ||| IDENTIFYING black potion
  4073 | D:5      | Entered Level 5 of the Dungeon
  4093 | D:5      | Reached skill level 12 in Ranged Weapons
  4148 | D:5      | Found Uwkop's Mass Market.
  4169 | D:5      | Found a staircase to the Ecumenical Temple.
  4170 | D:5      | 4170 ||| PLANNING TEMPLE
  4184 | Temple   | Entered the Ecumenical Temple
  4197 | Temple   | 4197 ||| PLANNING D:1-11
  4213 | D:5      | HP: 2/40 [centaur/arrow (11)]
  4215 | D:5      | Shot with an arrow by a centaur

Levels and vault maps discovered:
D:1:      psy_arrival_wood_between_worlds, layout_basic,
          dreamdust_ecumenical_altar_drowned_temple, minmay_cupped
D:2:      cheibrodos_greedy_goblins, layout_basic, grunt_decor_clamped,
          minivault_11
D:3:      layout_rooms, minitemple, portal_sewer_entry_b, grunt_ministairs_13,
          nrook_uturn, chequers_decorated_corner, minmay_misc_feat_room,
          corexii_item_surrounded_by_moat, uniq_grinder
D:4:      layout_loops_ring, minmay_strange_pillars
D:5:      layout_basic, minmay_temple_entry_statues_pillars,
          serial_bayou_pond_d, minmay_shop_mass
Temple:   hellmonk_temple_two_chambers

Skill      XL: |  1  2  3  4  5  6  7 |
---------------+----------------------+-----
Ranged Weapons | 6 7 8 10 12 | 12.0
Armour         | 1 |  1.0
Fighting       | 2 |  2.7
Dodging        | 3 |  3.0
Stealth        | |  1.2

Action                     |  1- 3 |  4- 6 |  7- 9 || total
---------------------------+-------+-------+-------++-------
   Fire: Shortbow          |   113 |   204 |   182 ||   499
    Use: Scroll            |     4 |     7 |     5 ||    16
         Potion            |       |     1 |       ||     1
 Armour: Leather armour    |    17 |     5 |       ||    22
         Scale mail        |       |    18 |       ||    18
         Ring mail         |       |     9 |    44 ||    53
  Dodge: Dodged            |    34 |    54 |    43 ||   131

Table legend:
 A = Non-vault XP
 B = Vault XP
 C = Vault XP percentage of total XP
 D = Non-vault monster count
 E = Vault monster count
 F = Vault count percentage of total count
                 A         B        C        D         E       F
            +---------+---------+-------+---------+---------+-------
      Total |     892 |     470 |  34.5 |      95 |      47 |  33.1
            +---------+---------+-------+---------+---------+-------
        D:1 |      16 |       7 |  30.4 |      12 |       4 |  25.0
        D:2 |      59 |      20 |  25.3 |      18 |      10 |  35.7
        D:3 |     130 |     280 |  68.3 |      29 |       7 |  19.4
        D:4 |     469 |       0 |   0.0 |      31 |       0 |   0.0
        D:5 |     218 |       0 |   0.0 |       5 |       0 |   0.0
      Sewer |       0 |     163 | 100.0 |       0 |      26 | 100.0
            +---------+---------+-------+---------+---------+-------
